Map: El Dorado

Players

BrendaBounce

  • Race: Zerg Zerg
  • League: Master
  • Spawn Location: 5:00

wootwoot - Winner!

  • Race: Protoss Protoss
  • League: Diamond
  • Spawn Location: 7:00

VOD

Have the link to the VOD?

Description

Time

  • Played on: April 22, 2025, 10:14 a.m.
  • Length: 9:31
Show
View Real Time Build Order
Export as new Build Order

BrendaBounce Zerg 

Build Orders: 1 Base Baneling Bust, Pool Only, Zergling Baneling 

Get SALT Encoding   

  12  0:18  Spawning Pool  
  11  0:24  Extractor  
  11  0:25  Drone  
  11  0:30  Drone  
  13  0:35  Drone  
  13  0:46  Overlord  
  13  1:08  Zergling x4  
  13  1:11  Zergling x2  
  16  1:21  Zergling x2  
  17  1:40  Zergling x2  
  17  1:42  Metabolic Boost  
  18  1:49  Zergling x2  
  19  1:57  Zergling x2  
  20  2:04  Baneling Nest  
  20  2:06  Zergling x2  
  20  2:13  Overlord  
  20  2:25  Queen  
  22  2:35  Zergling x4  
  24  2:47  Zergling x2  
  25  2:52  Baneling x3  
  25  2:53  Baneling x2  
  25  2:56  Baneling  
  25  3:01  Zergling x2  
  26  3:08  Zergling x2  
  27  3:18  Zergling x2  
  25  3:25  Baneling  
  25  3:32  Zergling x2  
  20  3:44  Zergling x2  
  18  3:54  Zergling x2  
  18  4:03  Zergling x2  
  19  4:11  Zergling x2  
  19  4:14  Baneling  
  19  4:15  Baneling x5  
  20  4:23  Zergling x2  
  21  4:32  Zergling x2  
  21  4:36  Zergling x6  
  24  4:46  Zergling x2  
  21  4:57  Zergling x2  
  21  4:59  Baneling  
  22  5:00  Baneling  
  22  5:03  Zergling x2  
  23  5:09  Zergling x6  
  26  5:20  Drone  
  26  5:35  Overlord  
  26  5:38  Zergling x6  
  29  5:49  Drone  
  30  6:06  Zergling x6  
  33  6:12  Lair  
  34  6:18  Zergling x2  
  34  6:31  Zergling x8  
  38  6:45  Overlord  
  38  7:04  Zergling x8  
  36  7:11  Zergling x2  
  30  7:25  Nydus Network  
  30  7:29  Zergling x2  
  30  7:35  Drone  
  31  7:40  Zergling x2  
  32  7:47  Zergling x2  
  33  7:51  Baneling x2  
  33  7:53  Zergling x2  
  34  8:12  Zergling x8  
  38  8:20  Baneling  
  38  8:26  Zergling x4  
  38  8:43  Zergling x2  
  38  8:44  Overlord x2  
  35  9:01  Zergling x2  
  36  9:09  Zergling x2  
Show
View Real Time Build Order
Export as new Build Order

wootwoot Protoss - Winner!

Build Orders:  

Get SALT Encoding   

  12  0:00  Probe  
  13  0:12  Probe  
  14  0:21  Pylon  
  14  0:24  Probe  
  15  0:35  Probe  
  16  0:43  Probe  
  16  0:45  Gateway  
  17  0:53  Probe  
  18  1:01  Gateway  
  18  1:12  Pylon  
  18  1:18  Probe  
  19  1:24  Zealot  
  19  1:29  Pylon  
  19  1:35  Probe  
  19  1:37  Assimilator x2  
  22  1:49  Cybernetics Core  
  22  1:54  Zealot  
  24  1:59  Probe  
  25  2:12  Probe  
  26  2:25  Adept x2  
  26  2:29  Probe  
  31  2:38  Pylon  
  35  2:59  Gateway  
  35  3:12  Gateway  
  35  3:13  Warp Gate  
  21  3:45  Adept  
  17  3:50  Pylon  
  17  3:52  Adept  
  16  3:58  Pylon  
  16  4:01  Probe  
  17  4:10  Probe  
  18  4:18  Probe  
  19  4:26  Sentry  
  21  4:32  Sentry  
  23  4:42  Probe  
  18  4:54  Probe  
  19  5:04  Pylon  
  19  5:13  Sentry  
  19  5:14  Probe  
  22  5:23  Shield Battery  
  22  5:26  Probe  
  23  5:42  Probe  
  23  5:47  Sentry  
  26  5:50  Probe  
  27  5:58  Probe  
  28  6:10  Probe  
  29  6:11  Shield Battery  
  29  6:19  Probe  
  29  6:22  Sentry  
  32  6:27  Probe  
  32  6:30  Sentry  
  35  6:37  Probe  
  36  6:49  Probe  
  36  6:50  Pylon  
  37  7:10  Zealot x2  
  37  7:11  Zealot  
  41  7:17  Zealot  
  31  7:31  Sentry  
  31  7:32  Sentry x2  
  37  7:39  Sentry  
  39  7:47  Stalker  
  41  8:03  Zealot x2  
  41  8:04  Zealot  
  47  8:16  Pylon  
  47  8:18  Pylon  
  46  8:43  Adept  
  46  8:44  Adept x3  
  48  9:07  Stalker x3  
  52  9:17  Stalker  
Tags
 
Add a new tag
Caveats
  • Supply blocks, unpowered buildings, or Contaminate may cause inaccurate times.
  • Supply counts are checked every 10 seconds.